 Dungeon Crawl Stone Soup version 0.31-a0-188-g5e087ee2ca (webtiles) character file.

Game seed: 15382519486869576817

13 qw the Shooter (level 2, -1/16 HPs)
             Began as a Deep Elf Hunter on June 23, 2023.
             Slain by a quokka (4 damage)
             ... on level 2 of the Dungeon.
             The game lasted 00:00:11 (725 turns).

qw the Shooter (Deep Elf Hunter)                     Turns: 725, Time: 00:00:11

Health: -1/16      AC:  3    Str:  8    XL:     2   Next: 24%
Magic:  4/4        EV: 12    Int: 13    God:
Gold:   0          SH:  0    Dex: 18    Spells: 1/1 levels left

rFire   . . .        Y - +0 shortbow
rCold   . . .        (shield currently unavailable)
rNeg    . . .        c - +0 leather armour
rPois   .            (no helmet)
rElec   .            (no cloak)
rCorr   .            (no gloves)
SInv    .            (no boots)
Will    .....        (no amulet)
Stlth   ++           (no ring)
HPRegen 0.22/turn    (no ring)
MPRegen 0.09/turn

%: no passive effects
@: no status effects
A: no striking features
a: no special abilities


You were on level 2 of the Dungeon.
You visited 1 branch of the dungeon, and saw 2 of its levels.


   Skills:
 - Level 1.5 Fighting
 + Level 6.1 Ranged Weapons
 - Level 2.4 Dodging
 - Level 1.2 Stealth


You had one spell level left.
You didn't know any spells.
Your spell library was empty.

Inventory:

Hand Weapons
 Y - a +0 shortbow (weapon)
Armour
 c - a +0 leather armour (worn)
Scrolls
 a - a scroll of identify
Potions
 e - a potion of haste {unknown}
 f - a potion of magic {unknown}

Dungeon Overview and Level Annotations

Branches:
Dungeon (2/15)

Altars:


Message History

Enter note:
Enter note: Done exploring.
685 ||| DROPPING scroll of butterflies.
You drop a scroll of butterflies.
Done exploring.
(D) Dungeon
Where to? (* - list waypoints, ? - help)
What level of the Dungeon? (default 1, ? - help)
There is a stone staircase leading down here.
You climb downwards.
There is a stone staircase leading up here.
A ball python is nearby!
Waypoint 1 assigned to D:2.
You shoot an arrow. The arrow hits the ball python!
You kill the ball python!
A worm comes into view.
Found a brown potion and 6 gold pieces.
The worm moves out of view.
A worm and a quokka come into view.
You shoot an arrow. The arrow hits the worm.
The worm is lightly wounded.
You shoot an arrow. The arrow hits the worm.
The worm is lightly wounded.
The worm misses you.
You shoot an arrow.
The arrow hits the worm but does no damage.
The worm is lightly wounded.
The worm bites you!
Ouch! That really hurt!
You shoot an arrow. The arrow hits the worm.
The worm is lightly wounded.
The quokka completely misses you.
You shoot an arrow. The arrow hits the worm.
The worm is heavily wounded.
The quokka bites you. The worm bites you. The quokka barely misses you.
You shoot an arrow. The arrow hits the worm.
The worm is heavily wounded.
The quokka misses you. The worm closely misses you.
You shoot an arrow. The arrow hits the worm.
The worm is severely wounded.
The quokka bites you.
You die...

#.###.#####..##
#......<.......
#.##..########.
# #..## ###..
#.##.#.##......
..###...#
###.#.####
#.#### ##@!.#
.......wr.#
.........$.#
#######.#..#
.###..# # ..#
.. ...


You could see a worm and a quokka.

Vanquished Creatures
  3 endoplasms (D:1)
  A goblin (D:1)
  A hobgoblin (D:1)
  A kobold (D:1)
  2 ball pythons
  2 bats (D:1)
  A frilled lizard (D:1)
  A rat (D:1)
12 creatures vanquished.

Notes
Turn   | Place    | Note
-------+----------+-------------------------------------------
     0 | D:1      | qw the Deep Elf Hunter began the quest for the Orb.
     0 | D:1      | Reached XP level 1. HP: 12/12 MP: 3/3
     0 | D:1      | 0 ||| qw: Version: 0.3-a-9-g12657ce
     0 | D:1      | 0 ||| qw: Game counter: 4393
     0 | D:1      | 0 ||| qw: Always use a shield: true
     0 | D:1      | 0 ||| qw: God list: Okawaru
     0 | D:1      | 0 ||| qw: Allow faded altars: false
     0 | D:1      | 0 ||| qw: Do Orc after D:15 true
     0 | D:1      | 0 ||| qw: Do second Lair branch before Depths: true
     0 | D:1      | 0 ||| qw: Lair rune preference: random
     0 | D:1      | 0 ||| qw: Plans: Normal
     0 | D:1      | 0 ||| PLANNING D:1-11
   341 | D:1      | Reached XP level 2. HP: 16/16 MP: 4/4
   376 | D:1      | Reached skill level 6 in Ranged Weapons
   473 | D:1      | 473 ||| READING 2 scrolls labelled QIG FISEKHLUE.
   685 | D:1      | 685 ||| DROPPING scroll of butterflies.
   723 | D:2      | HP: 3/16 [worm (4)]
   725 | D:2      | Slain by a quokka

Levels and vault maps discovered:
D:1:      lordsloth_arrival_two_stooges, layout_basic, serial_bayou_ford_a,
          minmay_misc_feat_rows, minmay_stone_trees_small
D:2:      layout_loops_ring, chequers_ecumenical_altar_island,
          minmay_misc_feat_enclosed, hangedman_decor_growths

Skill      XL: |  1  2 |
---------------+-------+-----
Ranged Weapons | 6 |  6.1
Fighting       | |  1.5
Dodging        | |  2.4
Stealth        | |  1.2

Action                     || total
---------------------------++-------
   Fire: Shortbow          ||    30
    Use: Scroll            ||     1
  Dodge: Dodged            ||     5

Table legend:
 A = Non-vault XP
 B = Vault XP
 C = Vault XP percentage of total XP
 D = Non-vault monster count
 E = Vault monster count
 F = Vault count percentage of total count
                 A         B        C        D         E       F
            +---------+---------+-------+---------+---------+-------
      Total |      19 |       0 |   0.0 |      12 |       0 |   0.0
            +---------+---------+-------+---------+---------+-------
        D:1 |      17 |       0 |   0.0 |      11 |       0 |   0.0
        D:2 |       2 |       0 |   0.0 |       1 |       0 |   0.0
            +---------+---------+-------+---------+---------+-------
